 Dungeon Crawl Stone Soup version 0.31.0-11-ge490571c62 (webtiles) character file.

Game seed: 12215876387410257796

41855 qw the Markself (level 13, -9/80 HPs)
             Began as a Deep Elf Hunter on Feb 3, 2024.
             Was a High Priest of Okawaru.
             Mangled by an elephant (11 damage)
             ... on level 5 of the Lair of Beasts.
             The game lasted 00:04:41 (13033 turns).

qw the Markself (Deep Elf Hunter)                  Turns: 13033, Time: 00:04:41

Health: -9/80      AC: 17    Str: 12    XL:     13   Next: 82%
Magic:  20/22      EV: 26    Int: 16    God:    Okawaru [*****.]
Gold:   1281       SH:  0    Dex: 24    Spells: 12/12 levels left

rFire   . . .        k - +7 longbow (heavy)
rCold   . . .        (shield currently unavailable)
rNeg    . . .        u - +3 ring mail
rPois   .            n - +2 helmet
rElec   .            o - +1 cloak
rCorr   .            (no gloves)
SInv    .            e - +2 pair of boots
Will    +....        (no amulet)
Stlth   ++           p - +6 ring of dexterity
HPRegen 0.33/turn    j - +5 ring of evasion
MPRegen 0.18/turn

%: no passive effects
@: finesse-ful
A: no striking features
a: Renounce Religion, Heroism, Finesse, Duel


You were on level 5 of the Lair of Beasts.
You worshipped Okawaru.
Okawaru was extremely pleased with you.
You visited 3 branches of the dungeon, and saw 16 of its levels.
You also visited: Sewer and Ossuary.

You collected 1642 gold pieces.
You spent 361 gold pieces at shops.


   Skills:
 - Level 9.0 Fighting
 - Level 20.0 Ranged Weapons
 - Level 5.2 Armour
 + Level 13.8 Dodging
 - Level 1.2 Stealth
 - Level 10.0 Invocations


You had 12 spell levels left.
You didn't know any spells.
Your spell library was empty.

Inventory:

Hand Weapons
 k - a +7 heavy longbow (weapon)
Armour
 a - a +2 robe of fire resistance
 e - a +2 pair of boots (worn)
 n - a +2 helmet (worn)
 o - a +1 cloak (worn)
 u - a +3 ring mail (worn)
Jewellery
 j - a +5 ring of evasion (right hand)
 p - a +6 ring of dexterity (left hand)
 w - an amulet of guardian spirit
Wands
 m - a wand of light (9)
 s - a wand of roots (9)
Potions
 b - 2 potions of resistance
 c - 4 potions of curing
 d - 3 potions of might
 f - 4 potions of mutation
 i - a potion of haste
 l - 3 potions of cancellation
 q - 2 potions of enlightenment

Dungeon Overview and Level Annotations

Branches:
Dungeon (10/15)            Temple (1/1) D:4            Lair (5/5) D:8
 Shoals (0/4) Lair:2        Snake (0/4) Lair:2          Orc (0/2) D:10
  Sewer (visited)         Ossuary (visited)
  Slime: Lair:4-5

Altars:
Ashenzari
Cheibriados
Dithmenos
Elyvilon
Fedhas
Gozag
Hepliaklqana
Kikubaaqudgha
Makhleb
Nemelex Xobeh
Okawaru
Qazlal
Ru
Sif Muna
Trog
Uskayaw
Vehumet
Wu Jian
Xom
Yredelemnul
Zin
The Shining One

Shops:
D:3 (   D:6 [   D:7 *


Message History

You shoot an arrow. The arrow hits the death yak!!!
You kill the death yak!
Okawaru accepts your kill. The elephant completely misses you.
The elephant barely misses you. The death yak gores you.
You shoot an arrow. The arrow hits the death yak!
The death yak is lightly wounded.
You feel sick. The elephant tramples you!
You hold your ground!
The elephant closely misses you.
You shoot an arrow. The arrow barely misses the death yak.
The arrow hits the death yak!!
The death yak is heavily wounded.
The death yak barely misses you.
You shoot an arrow. The arrow hits the death yak.
The death yak is lightly wounded.
You feel sick. The elephant tramples you!
You hold your ground!
The elephant trunk-slaps you but does no damage.
The death yak gores you but does no damage.
You shoot an arrow. The arrow hits the death yak!!
The death yak is severely wounded.
You feel sick.
You are no longer poisoned.
You shoot an arrow.
The arrow hits the death yak but does no damage.
The death yak is severely wounded.
The elephant tramples you but does no damage.
The elephant barely misses you. The death yak completely misses you.
The death yak gores you but does no damage.
You shoot an arrow. The arrow hits the death yak!!
You kill the death yak!
Okawaru accepts your kill. The elephant completely misses you.
The elephant misses you.
You shoot an arrow. The arrow hits the death yak!!
The death yak is heavily wounded.
The death yak gores you.
You shoot an arrow. The arrow hits the death yak!!!
You kill the death yak!
Okawaru accepts your kill. The elephant tramples you!
You die...

.#....##.....####
.............#..#..
!..................
...................
.......<...........
...................
...................
.........DY$%......
..........7@%......
###+++########7P...
...


You could see a five-headed hydra and an elephant.

Vanquished Creatures
  A catoblepas (Lair:1)
  3 hydras (Lair:4)
  13 death yaks
  A two-headed ogre (D:9)
  Nergalle (Lair:2)
  A skyshark (Lair:4)
  A lindwurm (Lair:3)
  A merfolk siren (Lair:2)
  A black mamba (Lair:4)
  6 elephants
  5 cane toads
  2 torpor snails
  2 komodo dragons
  4 rime drakes
  2 polar bears
  2 hornets
  A troll (D:10)
  26 blink frogs
  9 dream sheep
  2 shadows (D:10)
  7 wyverns
  41 yaks
  5 basilisks
  8 steam dragons (Lair:2)
  A naga (Lair:2)
  An acid dragon (Lair:2)
  16 water moccasins
  2 ice beasts
  7 orc warriors
  A sky beast (D:8)
  A black bear (D:5)
  5 ogres
  16 wolves
  A centaur (D:8)
  A phantom (D:4)
  An elf zombie (Ossuary)
  6 kobold brigands
  3 gnoll sergeants
  3 scorpions
  4 bullfrogs
  2 burial acolytes (Ossuary)
  11 wights
  3 bombardier beetles
  3 howler monkeys
  9 orc priests
  3 hounds
  2 sleepcaps
  Jessica (D:3)
  2 iguanas
  9 orc wizards
  4 hell rats (Lair:1)
  4 mummies (Ossuary)
  6 gnolls (D:10)
  4 adders
  3 river rats
  3 white imps
  A dart slug (D:1)
  A ribbon worm (D:5)
  38 orcs
  13 endoplasms
  5 giant cockroaches
  A gnoll zombie (Ossuary)
  4 goblins
  7 hobgoblins
  4 jackals (D:2)
  34 kobolds
  3 quokkas
  11 ball pythons
  6 bats
  4 frilled lizards
  2 kobold zombies (Ossuary)
  4 orc zombies (Ossuary)
  9 rats
430 creatures vanquished.

Vanquished Creatures (others)
  A steam dragon (Lair:2)
1 creature vanquished.

Grand Total: 431 creatures vanquished

Notes
Turn   | Place    | Note
-------+----------+-------------------------------------------
     0 | D:1      | qw the Deep Elf Hunter began the quest for the Orb.
     0 | D:1      | Reached XP level 1. HP: 12/12 MP: 3/3
     0 | D:1      | 0 ||| qw: Version: 0.3-a-155-g5e7d8dd
     0 | D:1      | 0 ||| qw: Game counter: 3175
     0 | D:1      | 0 ||| qw: Melee chars always use a shield: true
     0 | D:1      | 0 ||| qw: God list: Okawaru
     0 | D:1      | 0 ||| qw: Allow faded altars: false
     0 | D:1      | 0 ||| qw: Do Orc after clearing Dungeon:15 true
     0 | D:1      | 0 ||| qw: Do second Lair branch before Depths: true
     0 | D:1      | 0 ||| qw: Lair rune preference: random
     0 | D:1      | 0 ||| qw: Goals: Normal
     0 | D:1      | 0 ||| PLANNING D:1-11
   416 | D:1      | Found a faded altar of an unknown god.
   459 | D:1      | Reached skill level 6 in Ranged Weapons
   459 | D:1      | Reached XP level 2. HP: 16/16 MP: 4/4
   591 | D:1      | 591 ||| UPGRADING to +0 ring mail.
   601 | D:1      | 601 ||| DROPPING +0 leather armour.
   602 | D:1      | 602 ||| UPGRADING to ring of willpower.
   603 | D:1      | 603 ||| UPGRADING to +5 ring of evasion.
   604 | D:1      | 604 ||| READING scroll labelled HONUBI JOCEESO.
   604 | D:1      | 604 ||| ENCHANTING +0 ring mail.
   605 | D:1      | 605 ||| READING scroll labelled APOASU WOEXKO.
   605 | D:1      | 605 ||| IDENTIFYING glowing black potion
   606 | D:1      | 606 ||| DRINKING 2 cyan potions.
   607 | D:1      | 607 ||| DROPPING scroll of butterflies.
   608 | D:1      | 608 ||| DROPPING potion of attraction.
   666 | D:2      | Reached XP level 3. HP: 20/20 MP: 5/5
   978 | D:2      | Reached skill level 7 in Ranged Weapons
  1465 | D:2      | 1465 ||| READING scroll labelled UWNOEF WA IME.
  1466 | D:2      | 1466 ||| READING scroll labelled SUUSHAACONO.
  1469 | D:2      | 1469 ||| READING scroll labelled JIBATU POEXI.
  1570 | D:2      | 1570 ||| DRINKING 3 bubbling emerald potions.
  1571 | D:2      | 1571 ||| DRINKING 3 clear potions.
  1651 | D:3      | Found Sofoylokk's Antique Weapon Shoppe.
  1713 | D:3      | Noticed Jessica
  1717 | D:3      | Killed Jessica
  1718 | D:3      | Reached XP level 4. HP: 25/25 MP: 6/6
  2047 | D:3      | Found a shimmering blue altar of Sif Muna.
  2144 | D:4      | 2144 ||| PLANNING SEWER
  2152 | D:4      | 2152 ||| STAIRDANCE
  2160 | D:4      | 2160 ||| STAIRDANCE
  2216 | D:4      | Reached skill level 8 in Ranged Weapons
  2462 | D:4      | Reached XP level 5. HP: 11/29 MP: 7/7
  2474 | D:4      | 2474 ||| FLEEEEING.
  2506 | D:4      | 2506 ||| FLEEEEING.
  2508 | D:4      | 2508 ||| FLEEEEING.
  2510 | D:4      | 2510 ||| FLEEEEING.
  2511 | D:4      | 2511 ||| FLEEEEING.
  2512 | D:4      | 2512 ||| FLEEEEING.
  2513 | D:4      | 2513 ||| FLEEEEING.
  2515 | D:4      | 2515 ||| FLEEEEING.
  2516 | D:4      | 2516 ||| FLEEEEING.
  2517 | D:4      | 2517 ||| FLEEEEING.
  2518 | D:4      | 2518 ||| FLEEEEING.
  2519 | D:4      | 2519 ||| FLEEEEING.
  2520 | D:4      | 2520 ||| FLEEEEING.
  2521 | D:4      | 2521 ||| FLEEEEING.
  2522 | D:4      | 2522 ||| FLEEEEING.
  2523 | D:4      | 2523 ||| FLEEEEING.
  2524 | D:4      | 2524 ||| FLEEEEING.
  2525 | D:4      | 2525 ||| FLEEEEING.
  2526 | D:4      | 2526 ||| FLEEEEING.
  2527 | D:4      | 2527 ||| FLEEEEING.
  2528 | D:4      | 2528 ||| FLEEEEING.
  2529 | D:4      | 2529 ||| FLEEEEING.
  2530 | D:4      | 2530 ||| FLEEEEING.
  2531 | D:4      | 2531 ||| FLEEEEING.
  2532 | D:4      | 2532 ||| FLEEEEING.
  2533 | D:4      | 2533 ||| FLEEEEING.
  2534 | D:4      | 2534 ||| FLEEEEING.
  2535 | D:4      | 2535 ||| FLEEEEING.
  2536 | D:4      | 2536 ||| FLEEEEING.
  2537 | D:4      | 2537 ||| FLEEEEING.
  2538 | D:4      | 2538 ||| FLEEEEING.
  2539 | D:4      | 2539 ||| FLEEEEING.
  2579 | D:4      | Found a staircase to the Ecumenical Temple.
  2617 | D:4      | Found a glowing drain.
  2625 | D:4      | Reached skill level 9 in Ranged Weapons
  2643 | D:4      | 2643 ||| UPGRADING to +0 pair of boots.
  2648 | D:4      | 2648 ||| READING 2 scrolls of identify.
  2648 | D:4      | 2648 ||| IDENTIFYING blue potion
  2649 | D:4      | 2649 ||| READING scroll of identify.
  2649 | D:4      | 2649 ||| IDENTIFYING puce potion
  2650 | D:4      | 2650 ||| READING scroll labelled WOHUIW MEURRU.
  2650 | D:4      | Identified a scroll of acquirement
  2650 | D:4      | 2650 ||| ACQUIRING +5 heavy longbow
  2650 | D:4      | Acquired a +5 heavy longbow
  2652 | D:4      | 2652 ||| SWAPPING to +5 heavy longbow.
  2653 | D:4      | 2653 ||| DROPPING +0 shortbow.
  2654 | D:4      | 2654 ||| READING scroll labelled YKOTI PORUEDO.
  2657 | D:4      | 2657 ||| FLEEEEING.
  2658 | D:4      | 2658 ||| FLEEEEING.
  2659 | D:4      | 2659 ||| FLEEEEING.
  2660 | D:4      | 2660 ||| FLEEEEING.
  2661 | D:4      | 2661 ||| FLEEEEING.
  2662 | D:4      | 2662 ||| FLEEEEING.
  2663 | D:4      | 2663 ||| FLEEEEING.
  2664 | D:4      | 2664 ||| FLEEEEING.
  2665 | D:4      | 2665 ||| FLEEEEING.
  2666 | D:4      | 2666 ||| FLEEEEING.
  2667 | D:4      | 2667 ||| FLEEEEING.
  2668 | D:4      | 2668 ||| FLEEEEING.
  2669 | D:4      | 2669 ||| FLEEEEING.
  2670 | D:4      | 2670 ||| FLEEEEING.
  2671 | D:4      | 2671 ||| FLEEEEING.
  2692 | D:4      | 2692 ||| DRINKING 2 silvery potions.
  2693 | D:4      | 2693 ||| DROPPING potion of brilliance.
  2694 | D:4      | 2694 ||| DROPPING potion of degeneration.
  2724 | Sewer    | Entered a sewer
  2749 | Sewer    | Reached XP level 6. HP: 25/35 MP: 8/8
  2793 | D:4      | 2793 ||| PLANNING TEMPLE
  2811 | Temple   | Entered the Ecumenical Temple
  2812 | Temple   | 2812 ||| PLANNING D:1-11
  2989 | D:5      | Entered Level 5 of the Dungeon
  2990 | D:5      | 2990 ||| PLANNING OSSUARY
  2993 | D:5      | Reached skill level 10 in Ranged Weapons
  3076 | D:5      | Reached skill level 1 in Armour
  3119 | D:5      | Reached skill level 3 in Dodging
  3119 | D:5      | Reached XP level 7. HP: 40/40 MP: 9/9
  3214 | D:5      | Found a sparkling altar of Nemelex Xobeh.
  3256 | D:5      | Found a sand-covered staircase.
  3257 | D:5      | 3257 ||| READING scroll labelled POXKIR LIOSTRU.
  3257 | D:5      | 3257 ||| ENCHANTING +5 heavy longbow.
  3258 | D:5      | 3258 ||| DRINKING 3 brown potions.
  3259 | D:5      | 3259 ||| DRINKING bubbling coppery potion.
  3260 | D:5      | 3260 ||| DROPPING 2 potions of ambrosia.
  3266 | Ossuary  | Entered an ossuary
  3296 | Ossuary  | Reached skill level 11 in Ranged Weapons
  3611 | D:5      | 3611 ||| PLANNING D:1-11
  3642 | D:5      | Reached skill level 12 in Ranged Weapons
  3682 | D:5      | Reached XP level 8. HP: 43/45 MP: 10/10
  3770 | D:5      | Found a sacrificial altar of Ru.
  3882 | D:5      | Found a snail-covered altar of Cheibriados.
  3884 | D:5      | Found a shimmering altar of Xom.
  3893 | D:5      | Reached skill level 3 in Fighting
  3957 | D:5      | 3957 ||| UPGRADING to +2 helmet.
  4012 | D:6      | Found Atoxzeff's Antique Armour Boutique.
  4018 | D:6      | 4018 ||| BUYING cloak (148 gold).
  4018 | D:6      | Bought a cloak for 148 gold pieces
  4018 | D:6      | 4018 ||| SHOPLISTING embroidered scarf (264 gold, have
                  | 111).
  4018 | D:6      | 4018 ||| SHOPLISTING glowing fire dragon scales (2079 gold,
                  | have 111).
  4018 | D:6      | 4018 ||| SHOPLISTING pair of gloves (148 gold, have 111).
  4018 | D:6      | 4018 ||| SHOPLISTING runed robe (122 gold, have 111).
  4260 | D:6      | Reached skill level 13 in Ranged Weapons
  4322 | D:6      | Reached skill level 14 in Ranged Weapons
  4551 | D:6      | Reached XP level 9. HP: 50/50 MP: 11/11
  4732 | D:6      | 4732 ||| UPGRADING to +0 cloak.
  4737 | D:6      | 4737 ||| READING 3 scrolls of identify.
  4737 | D:6      | 4737 ||| IDENTIFYING fuming amethyst potion
  4738 | D:6      | 4738 ||| READING 2 scrolls of identify.
  4738 | D:6      | 4738 ||| IDENTIFYING 2 red potions
  4739 | D:6      | 4739 ||| READING scroll of identify.
  4739 | D:6      | 4739 ||| IDENTIFYING scroll labelled AWOSSACAMA
  4740 | D:6      | 4740 ||| DROPPING potion of lignification.
  4741 | D:6      | 4741 ||| DROPPING scroll of fear.
  4795 | D:7      | Found Coocaec's Assorted Antiques.
  4885 | D:7      | Found an ornate altar of the Wu Jian Council.
  5356 | D:7      | Reached skill level 15 in Ranged Weapons
  5493 | D:7      | 5493 ||| BUYING coppery potion (27 gold).
  5493 | D:7      | Bought a coppery potion for 27 gold pieces
  5493 | D:7      | 5493 ||| BUYING runed amethyst amulet (155 gold).
  5493 | D:7      | Bought a runed amethyst amulet for 155 gold pieces
  5493 | D:7      | 5493 ||| BUYING scroll labelled IRAANEMNUR (31 gold).
  5493 | D:7      | Bought a scroll labelled IRAANEMNUR for 31 gold pieces
  5493 | D:7      | 5493 ||| SHOPLISTING scroll of enchant weapon (232 gold,
                  | have 45).
  5493 | D:7      | 5493 ||| SHOPLISTING warped helmet (294 gold, have 45).
  5567 | D:7      | 5567 ||| UPGRADING to amulet of guardian spirit.
  5589 | D:7      | 5589 ||| UPGRADING to ring of see invisible.
  5591 | D:7      | 5591 ||| READING scroll labelled XOPEARIFRA.
  5592 | D:7      | 5592 ||| READING 2 scrolls labelled IRAANEMNUR.
  5593 | D:7      | 5593 ||| READING scroll labelled UDDAG DEZ HUQ.
  5594 | D:7      | 5594 ||| DRINKING 2 coppery potions.
  5595 | D:7      | 5595 ||| DROPPING scroll of revelation.
  5736 | D:8      | 5736 ||| RETREEEEATING.
  5737 | D:8      | 5737 ||| RETREEEEATING.
  5738 | D:8      | 5738 ||| RETREEEEATING.
  5739 | D:8      | 5739 ||| DRINKING 2 potions of haste.
  5749 | D:8      | Reached skill level 16 in Ranged Weapons
  5753 | D:8      | Reached skill level 6 in Dodging
  5758 | D:8      | 5758 ||| FLEEEEING.
  5777 | D:8      | 5777 ||| FLEEEEING.
  5815 | D:8      | Reached XP level 10. HP: 38/56 MP: 12/12
  5883 | D:8      | Found a staircase to the Lair.
  5893 | D:8      | 5893 ||| FLEEEEING.
  5895 | D:8      | 5895 ||| FLEEEEING.
  5896 | D:8      | 5896 ||| FLEEEEING.
  5897 | D:8      | 5897 ||| FLEEEEING.
  5898 | D:8      | 5898 ||| FLEEEEING.
  6113 | D:8      | Reached skill level 17 in Ranged Weapons
  6373 | D:8      | 6373 ||| UPGRADING to +6 ring of dexterity.
  6375 | D:8      | 6375 ||| DROPPING ring of ice.
  6376 | D:8      | 6376 ||| DROPPING ring of willpower.
  6377 | D:8      | 6377 ||| DROPPING ring of see invisible.
  6433 | D:9      | 6433 ||| DRINKING potion of haste.
  6716 | D:9      | 6716 ||| RETREEEEATING.
  6720 | D:9      | 6720 ||| RETREEEEATING.
  6721 | D:9      | 6721 ||| RETREEEEATING.
  6789 | D:9      | Noticed a two-headed ogre
  6792 | D:9      | Killed a two-headed ogre
  6793 | D:9      | Reached skill level 18 in Ranged Weapons
  6895 | D:9      | 6895 ||| RETREEEEATING.
  6901 | D:9      | 6901 ||| RETREEEEATING.
  6902 | D:9      | 6902 ||| RETREEEEATING.
  6903 | D:9      | 6903 ||| RETREEEEATING.
  6904 | D:9      | 6904 ||| RETREEEEATING.
  6905 | D:9      | 6905 ||| RETREEEEATING.
  6906 | D:9      | 6906 ||| RETREEEEATING.
  6907 | D:9      | 6907 ||| RETREEEEATING.
  6908 | D:9      | 6908 ||| RETREEEEATING.
  6909 | D:9      | 6909 ||| RETREEEEATING.
  6914 | D:9      | 6914 ||| RETREEEEATING.
  6915 | D:9      | 6915 ||| RETREEEEATING.
  6916 | D:9      | 6916 ||| RETREEEEATING.
  6917 | D:9      | 6917 ||| RETREEEEATING.
  6918 | D:9      | 6918 ||| FLEEEEING.
  6919 | D:9      | 6919 ||| FLEEEEING.
  6920 | D:9      | 6920 ||| FLEEEEING.
  6921 | D:9      | 6921 ||| FLEEEEING.
  6922 | D:9      | 6922 ||| FLEEEEING.
  6923 | D:9      | 6923 ||| FLEEEEING.
  6925 | D:9      | 6925 ||| FLEEEEING.
  6926 | D:9      | 6926 ||| FLEEEEING.
  6927 | D:9      | 6927 ||| FLEEEEING.
  6928 | D:9      | 6928 ||| FLEEEEING.
  7520 | D:10     | Entered Level 10 of the Dungeon
  7615 | D:10     | Reached XP level 11. HP: 63/63 MP: 13/13
  7617 | D:10     | 7617 ||| RETREEEEATING.
  7619 | D:10     | 7619 ||| RETREEEEATING.
  7620 | D:10     | 7620 ||| RETREEEEATING.
  7624 | D:10     | 7624 ||| RETREEEEATING.
  7631 | D:10     | Reached skill level 19 in Ranged Weapons
  7873 | D:10     | 7873 ||| FLEEEEING.
  7874 | D:10     | 7874 ||| FLEEEEING.
  7875 | D:10     | 7875 ||| FLEEEEING.
  7876 | D:10     | 7876 ||| FLEEEEING.
  7877 | D:10     | 7877 ||| FLEEEEING.
  7878 | D:10     | 7878 ||| FLEEEEING.
  7929 | D:10     | 7929 ||| FLEEEEING.
  7930 | D:10     | 7930 ||| FLEEEEING.
  7931 | D:10     | 7931 ||| FLEEEEING.
  7932 | D:10     | 7932 ||| FLEEEEING.
  7933 | D:10     | 7933 ||| FLEEEEING.
  7934 | D:10     | 7934 ||| FLEEEEING.
  7935 | D:10     | 7935 ||| FLEEEEING.
  8012 | D:10     | Found a staircase to the Orcish Mines.
  8015 | D:10     | Reached skill level 9 in Dodging
  8239 | D:10     | Found an iron altar of Okawaru.
  8240 | D:10     | 8240 ||| PLANNING OKAWARU WORSHIP
  8240 | D:10     | 8240 ||| UPGRADING to +0 ring mail of cold resistance.
  8250 | D:10     | 8250 ||| DROPPING +1 ring mail.
  8251 | D:10     | 8251 ||| UPGRADING to +3 ring mail.
  8261 | D:10     | 8261 ||| DROPPING +0 ring mail of cold resistance.
  8268 | D:10     | Became a worshipper of Warmaster Okawaru
  8269 | D:10     | 8269 ||| PLANNING D:1-11
  8269 | D:10     | 8269 ||| REMOVING amulet of guardian spirit.
  8401 | D:10     | 8401 ||| READING scroll of enchant weapon.
  8401 | D:10     | 8401 ||| ENCHANTING +6 heavy longbow.
  8472 | D:10     | 8472 ||| RETREEEEATING.
  8490 | D:10     | 8490 ||| READING scroll of acquirement.
  8490 | D:10     | 8490 ||| ACQUIRING 772 gold pieces
  8490 | D:10     | Acquired 772 gold pieces
  8574 | D:10     | 8574 ||| PLANNING LAIR
  8647 | Lair:1   | Entered Level 1 of the Lair of Beasts
  8648 | Lair:1   | 8648 ||| RETREEEEATING.
  8649 | Lair:1   | 8649 ||| RETREEEEATING.
  8650 | Lair:1   | 8650 ||| RETREEEEATING.
  8656 | Lair:1   | 8656 ||| DRINKING potion of haste.
  8659 | Lair:1   | Reached * piety under Okawaru
  8664 | Lair:1   | Reached skill level 1 in Invocations
  8669 | Lair:1   | Reached skill level 20 in Ranged Weapons
  8671 | Lair:1   | Noticed a catoblepas
  8671 | Lair:1   | Noticed a death yak
  8672 | Lair:1   | 8672 ||| INVOKING Heroism.
  8675 | Lair:1   | Killed a death yak
  8676 | Lair:1   | Reached skill level 3 in Invocations
  8679 | Lair:1   | Reached skill level 3 in Armour
  8681 | Lair:1   | Noticed a death yak
  8682 | Lair:1   | 8682 ||| Stepping ~*~*~tactically~*~*~ (cloud).
  8683 | Lair:1   | Reached ** piety under Okawaru
  8684 | Lair:1   | Noticed a death yak
  8685 | Lair:1   | 8685 ||| Stepping ~*~*~tactically~*~*~ (cloud).
  8685 | Lair:1   | HP: 11/63 [catoblepas (29)]
  8685 | Lair:1   | Noticed a death yak
  8686 | Lair:1   | 8686 ||| READING 3 scrolls of teleportation.
  8687 | Lair:1   | 8687 ||| DRINKING 2 potions of heal wounds.
  8687 | Lair:1   | Noticed a death yak
  8687 | Lair:1   | Noticed a death yak
  8688 | Lair:1   | Noticed a death yak
  8689 | Lair:1   | 8689 ||| Stepping ~*~*~tactically~*~*~ (cloud).
  8691 | Lair:1   | Noticed a death yak
  8691 | Lair:1   | Noticed a death yak
  8819 | Lair:1   | 8819 ||| INVOKING Heroism.
  8822 | Lair:1   | Killed a death yak
  8823 | Lair:1   | Noticed a death yak
  8824 | Lair:1   | 8824 ||| RETREEEEATING.
  8825 | Lair:1   | 8825 ||| RETREEEEATING.
  8826 | Lair:1   | 8826 ||| RETREEEEATING.
  8827 | Lair:1   | 8827 ||| READING 2 scrolls of teleportation.
  8828 | Lair:1   | 8828 ||| RETREEEEATING.
  8828 | Lair:1   | HP: 7/64 [death yak (14)]
  8829 | Lair:1   | 8829 ||| DRINKING potion of heal wounds.
  8830 | Lair:1   | 8830 ||| RETREEEEATING.
  8831 | Lair:1   | Killed a death yak
  8832 | Lair:1   | Reached skill level 6 in Fighting
  9002 | Lair:1   | 9002 ||| DRINKING 3 potions of cancellation.
  9006 | Lair:1   | 9006 ||| RETREEEEATING.
  9008 | Lair:1   | 9008 ||| RETREEEEATING.
  9010 | Lair:1   | 9010 ||| RETREEEEATING.
  9014 | Lair:1   | Reached *** piety under Okawaru
  9052 | Lair:1   | 9052 ||| RETREEEEATING.
  9053 | Lair:1   | 9053 ||| RETREEEEATING.
  9054 | Lair:1   | 9054 ||| RETREEEEATING.
  9055 | Lair:1   | 9055 ||| RETREEEEATING.
  9056 | Lair:1   | 9056 ||| RETREEEEATING.
  9057 | Lair:1   | 9057 ||| RETREEEEATING.
  9058 | Lair:1   | 9058 ||| RETREEEEATING.
  9068 | Lair:1   | 9068 ||| RETREEEEATING.
  9071 | Lair:1   | Reached XP level 12. HP: 70/70 MP: 17/17
  9076 | Lair:1   | 9076 ||| RETREEEEATING.
  9091 | Lair:1   | Reached **** piety under Okawaru
  9094 | Lair:1   | 9094 ||| RETREEEEATING.
  9095 | Lair:1   | 9095 ||| RETREEEEATING.
  9096 | Lair:1   | 9096 ||| RETREEEEATING.
  9099 | Lair:1   | 9099 ||| RETREEEEATING.
  9100 | Lair:1   | 9100 ||| RETREEEEATING.
  9101 | Lair:1   | 9101 ||| RETREEEEATING.
  9102 | Lair:1   | 9102 ||| RETREEEEATING.
  9103 | Lair:1   | 9103 ||| RETREEEEATING.
  9104 | Lair:1   | 9104 ||| RETREEEEATING.
  9105 | Lair:1   | 9105 ||| RETREEEEATING.
  9106 | Lair:1   | 9106 ||| RETREEEEATING.
  9107 | Lair:1   | 9107 ||| RETREEEEATING.
  9108 | Lair:1   | 9108 ||| RETREEEEATING.
  9111 | Lair:1   | 9111 ||| INVOKING Finesse.
  9182 | Lair:1   | 9182 ||| INVOKING Finesse.
  9183 | Lair:1   | 9183 ||| INVOKING Finesse.
  9256 | Lair:1   | 9256 ||| INVOKING Heroism.
  9260 | Lair:1   | Killed a catoblepas
  9263 | Lair:1   | Killed a death yak
  9264 | Lair:1   | 9264 ||| INVOKING Finesse.
  9265 | Lair:1   | 9265 ||| RETREEEEATING.
  9266 | Lair:1   | 9266 ||| INVOKING Finesse.
  9269 | Lair:1   | 9269 ||| RETREEEEATING.
  9270 | Lair:1   | Killed a death yak
  9274 | Lair:1   | 9274 ||| RETREEEEATING.
  9276 | Lair:1   | Killed a death yak
  9278 | Lair:1   | 9278 ||| RETREEEEATING.
  9279 | Lair:1   | 9279 ||| RETREEEEATING.
  9282 | Lair:1   | Killed a death yak
  9290 | Lair:1   | Killed a death yak
  9294 | Lair:1   | Killed a death yak
  9295 | Lair:1   | Reached skill level 12 in Dodging
  9297 | Lair:1   | Killed a death yak
  9297 | Lair:1   | Reached ***** piety under Okawaru
  9298 | Lair:1   | Reached skill level 6 in Invocations
  9597 | Lair:1   | 9597 ||| INVOKING Finesse.
  9960 | Lair:1   | 9960 ||| READING 3 scrolls of identify.
  9960 | Lair:1   | 9960 ||| IDENTIFYING black potion
  9961 | Lair:1   | 9961 ||| READING 2 scrolls of identify.
  9961 | Lair:1   | 9961 ||| IDENTIFYING scroll labelled AWEGUSHIA GOFI
  9962 | Lair:1   | 9962 ||| DROPPING scroll of blinking.
  9963 | Lair:1   | 9963 ||| DROPPING potion of invisibility.
  9995 | Lair:2   | Found a staircase to the Shoals.
  9999 | Lair:2   | 9999 ||| READING scroll of enchant armour.
  9999 | Lair:2   | 9999 ||| ENCHANTING +0 pair of boots.
 10045 | Lair:2   | Found a staircase to the Snake Pit.
 10202 | Lair:2   | 10202 ||| RETREEEEATING.
 10204 | Lair:2   | 10204 ||| Stepping ~*~*~tactically~*~*~ (cloud).
 10207 | Lair:2   | 10207 ||| Stepping ~*~*~tactically~*~*~ (cloud).
 10211 | Lair:2   | 10211 ||| Stepping ~*~*~tactically~*~*~ (cloud).
 10211 | Lair:2   | Noticed Nergalle
 10215 | Lair:2   | 10215 ||| RETREEEEATING.
 10216 | Lair:2   | 10216 ||| RETREEEEATING.
 10218 | Lair:2   | 10218 ||| RETREEEEATING.
 10219 | Lair:2   | 10219 ||| RETREEEEATING.
 10225 | Lair:2   | HP: 14/71 [steam dragon/ball of steam (21)]
 10226 | Lair:2   | 10226 ||| READING scroll of teleportation.
 10433 | Lair:2   | Killed Nergalle
 10434 | Lair:2   | Reached XP level 13. HP: 76/78 MP: 20/20
 10532 | Lair:2   | Received a gift from Okawaru
 10587 | Lair:2   | 10587 ||| Stepping ~*~*~tactically~*~*~ (cloud).
 10688 | Lair:2   | 10688 ||| Stepping ~*~*~tactically~*~*~ (cloud).
 11044 | Lair:2   | 11044 ||| Stepping ~*~*~tactically~*~*~ (cloud).
 11314 | Lair:2   | 11314 ||| READING scroll of identify.
 11314 | Lair:2   | 11314 ||| IDENTIFYING scroll labelled FELEIN CEBBUGI
 11315 | Lair:2   | 11315 ||| DROPPING scroll of amnesia.
 11341 | Lair:3   | 11341 ||| STAIRDANCE
 11398 | Lair:3   | 11398 ||| RETREEEEATING.
 11401 | Lair:3   | 11401 ||| RETREEEEATING.
 11523 | Lair:3   | 11523 ||| READING scroll of enchant armour.
 11523 | Lair:3   | 11523 ||| ENCHANTING +1 pair of boots.
 11641 | Lair:3   | Found a dark tunnel.
 11645 | Lair:3   | Reached skill level 9 in Invocations
 11847 | Lair:3   | 11847 ||| INVOKING Finesse.
 12268 | Lair:4   | 12268 ||| RETREEEEATING.
 12269 | Lair:4   | 12269 ||| RETREEEEATING.
 12291 | Lair:4   | 12291 ||| RETREEEEATING.
 12293 | Lair:4   | 12293 ||| RETREEEEATING.
 12294 | Lair:4   | 12294 ||| RETREEEEATING.
 12295 | Lair:4   | 12295 ||| RETREEEEATING.
 12298 | Lair:4   | Received a gift from Okawaru
 12306 | Lair:4   | 12306 ||| RETREEEEATING.
 12307 | Lair:4   | 12307 ||| RETREEEEATING.
 12309 | Lair:4   | 12309 ||| RETREEEEATING.
 12310 | Lair:4   | 12310 ||| RETREEEEATING.
 12311 | Lair:4   | 12311 ||| RETREEEEATING.
 12392 | Lair:4   | Found a frozen archway.
 12469 | Lair:4   | 12469 ||| RETREEEEATING.
 12470 | Lair:4   | 12470 ||| RETREEEEATING.
 12471 | Lair:4   | 12471 ||| RETREEEEATING.
 12472 | Lair:4   | 12472 ||| RETREEEEATING.
 12473 | Lair:4   | 12473 ||| RETREEEEATING.
 12479 | Lair:4   | Reached skill level 9 in Fighting
 12531 | Lair:4   | 12531 ||| INVOKING Finesse.
 12532 | Lair:4   | 12532 ||| INVOKING Heroism.
 12854 | Lair:4   | 12854 ||| READING scroll of enchant armour.
 12854 | Lair:4   | 12854 ||| ENCHANTING +0 cloak.
 12990 | Lair:4   | 12990 ||| READING scroll of identify.
 12990 | Lair:4   | 12990 ||| IDENTIFYING fizzy red potion
 12991 | Lair:4   | 12991 ||| DROPPING potion of berserk rage.
 12995 | Lair:5   | Entered Level 5 of the Lair of Beasts
 12996 | Lair:5   | 12996 ||| STAIRDANCE
 13000 | Lair:5   | 13000 ||| RETREEEEATING.
 13001 | Lair:5   | 13001 ||| RETREEEEATING.
 13002 | Lair:5   | 13002 ||| RETREEEEATING.
 13003 | Lair:5   | 13003 ||| INVOKING Finesse.
 13026 | Lair:5   | HP: 13/80 [elephant (13)]
 13028 | Lair:5   | HP: 5/80 [elephant (8)]
 13032 | Lair:5   | HP: 2/80 [death yak (3)]
 13033 | Lair:5   | Mangled by an elephant

Levels and vault maps discovered:
D:1:      ncdulo_smallfort, layout_basic, basic_ecumenical_altar,
          supply_closet_lemuel
D:2:      layout_basic, minivault_5, minmay_misc_feat_diagonals, minmay_unequal
D:3:      layout_basic, hellmonk_sif_muna_bookshelves, serial_shops,
          nicolae_shop_crystal, uniq_jessica
D:4:      layout_rooms, minmay_temple_entry_proselytizer, portal_sewer_entry_c
D:5:      layout_loops_cross, nicolae_ru_awakened_eye,
          nemelex_dance_club_becter, mainiacjoe_overflow_big_doors,
          nicolae_ossuary_entry_monument, kennysheep_potato
D:6:      layout_basic, serial_shops, shop
D:7:      layout_loops_ring, nicolae_wu_jian_glorious_leap,
          nicolae_inconvenience_store
D:8:      layout_gridville, minmay_lair_entry_grove
D:9:      kennysheep_blocky_hall, layout_basic, serial_rivers,
          chequers_serial_rivers_small_a, chequers_serial_rivers_large_b,
          chequers_serial_rivers_small_a, chequers_serial_rivers_micro_d
D:10:     layout_roguey, okawaru_metal_pillars_1_2, david_orc_5
Temple:   regret_index_temple_generic_petals
Lair:1:   layout_regular_city
Lair:2:   layout_small_grid, minmay_shoals_entry_lonely_mermaid,
          guppyfry_snake_entry_island, bobbens_dragon_lair_wall, uniq_nergalle
Lair:3:   layout_chaotic_city, nicolae_volcano_entry_vermiform,
          infiniplex_staircase_pool_2
Lair:4:   layout_misc_corridors, portal_ice_cave_rime, hellmonk_talismancer
Lair:5:   due_jungle_book, layout_regular_city, slime_entry_2, st_stairs_7,
          minmay_stone_trees_small, grunt_forest_stairs_basic,
          nzn_sisyphean_effort

Skill      XL: |  1  2  3  4  5  6  7  8  9 10 11 12 13 |
---------------+----------------------------------------+-----
Ranged Weapons | 6 7 8 9 10 12 14 16 18 20 | 20.0
Fighting       | 2 3 4 5 6 8 9 |  9.0
Armour         | 1 2 3 4 5 |  5.2
Dodging        | 3 5 6 8 10 12 13 | 13.8
Invocations    | 4 7 10 | 10.0
Stealth        | |  1.2

Action                     |  1- 3 |  4- 6 |  7- 9 | 10-12 | 13-15 || total
---------------------------+-------+-------+-------+-------+-------++-------
   Fire: Shortbow          |   107 |    85 |       |       |       ||   192
         Longbow           |       |    41 |   154 |   432 |   188 ||   815
 Invoke: Heroism           |       |       |       |     3 |     1 ||     4
         Finesse           |       |       |       |     4 |     3 ||     7
    Use: Scroll            |     5 |     4 |     7 |     8 |     4 ||    28
         Potion            |     3 |     1 |     4 |     5 |       ||    13
 Armour: Leather armour    |    10 |       |       |       |       ||    10
         Ring mail         |     3 |    34 |    37 |    71 |    66 ||   211
  Dodge: Dodged            |    26 |    66 |    48 |   157 |   111 ||   408

Table legend:
 A = Non-vault XP
 B = Vault XP
 C = Vault XP percentage of total XP
 D = Non-vault monster count
 E = Vault monster count
 F = Vault count percentage of total count
                 A         B        C        D         E       F
            +---------+---------+-------+---------+---------+-------
      Total |   50380 |   10222 |  16.9 |     333 |      98 |  22.7
            +---------+---------+-------+---------+---------+-------
        D:1 |      27 |       0 |   0.0 |      14 |       0 |   0.0
        D:2 |      42 |       7 |  14.3 |      24 |       4 |  14.3
        D:3 |      32 |      37 |  53.6 |      12 |       1 |   7.7
        D:4 |     238 |      62 |  20.7 |      19 |       7 |  26.9
        D:5 |     598 |     182 |  23.3 |      12 |       4 |  25.0
        D:6 |    1263 |       0 |   0.0 |      24 |       0 |   0.0
        D:7 |     647 |       0 |   0.0 |      17 |       0 |   0.0
        D:8 |     719 |    2062 |  74.1 |      16 |      11 |  40.7
        D:9 |    3598 |     357 |   9.0 |      36 |       4 |  10.0
       D:10 |    3830 |     803 |  17.3 |      33 |      21 |  38.9
     Lair:1 |   20053 |       0 |   0.0 |      63 |       0 |   0.0
     Lair:2 |    3320 |    3824 |  53.5 |      12 |      16 |  57.1
     Lair:3 |    4634 |     649 |  12.3 |      22 |       1 |   4.3
     Lair:4 |    7106 |    1866 |  20.8 |      22 |       4 |  15.4
     Lair:5 |    4273 |       0 |   0.0 |       7 |       0 |   0.0
      Sewer |       0 |      50 | 100.0 |       0 |      11 | 100.0
    Ossuary |       0 |     323 | 100.0 |       0 |      14 | 100.0
            +---------+---------+-------+---------+---------+-------
